Stars vs Rangers

Created - 24 février 2021 at 20:18

Goals
1 2 3 T
Stars 3 1 2 6
Rangers 1 0 1 2
Shots
1 2 3 T
Stars 16 11 11 38
Rangers 10 9 3 22

1st period

1. Stars , Nazem Kadri 19 (John Klingberg 30) at 3:13
2. Stars , Patrice Bergeron 32 (Shea Theodore 27, Tyler Toffoli 18) at 12:00 (PP)
3. Rangers , David Savard 6 (Vincent Trocheck 34, Noel Acciari 19) at 13:22
4. Stars , Tyler Toffoli 17 (Nazem Kadri 18, Victor Olofsson 4) at 16:21

Penalties :
Alexander Radulov (NYR) for Hooking (Minor) at 6:56, Ryan McDonagh (NYR) for High sticking (Minor) at 11:44, James van Riemsdyk (DAL) for High sticking (Minor) at 13:54

2nd period

5. Stars , Tom Wilson 18 (John Klingberg 31) at 17:49 (SH)

Penalties :
Erik Cernak (NYR) for Fighting (Major) at 5:24, Nazem Kadri (DAL) for Fighting (Major) at 5:24, Sami Vatanen (DAL) for Hooking (Minor) at 16:43

3rd period

6. Stars , Tyler Toffoli 18 (Shea Theodore 28, Nazem Kadri 19) at 0:25
7. Rangers , Andrew Ladd 9 (Nick Bonino 16, Dmitry Kulikov 17) at 11:57
8. Stars , James van Riemsdyk 8 (Sami Vatanen 29, Shea Theodore 29) at 17:04

Penalties :
Duncan Keith (DAL) for Tripping (Minor) at 1:52, Milan Lucic (NYR) for Holding (Minor) at 4:25, Tom Wilson (DAL) for Hooking (Minor) at 13:56

Goalie Stats

Linus Ullmark (DAL), 20 saves from 22 shots - (0,909), W, 6-6-0, 60:00 minutes
Andrei Vasilevskiy (NYR), 32 saves from 38 shots - (0,842), L, 30-11-4, 60:00 minutes

Players Stats for Stars

Player Name              G  A  P  +/- PIM S  H  SB GA TA FO     MP     PP MP  PK MP  
------------------------------------------------------------------------------------
Brandon Tanev            0  0  0  -1  0   1  1  0  0  0  1/1    11:40   0:00   5:19 
Derick Brassard          0  0  0   0  0   1  1  0  0  0  5/11   11:10   0:00   0:00 
Duncan Keith             0  0  0   1  2   1  1  1  0  0  0/0    23:49   2:24   3:09 
Evgenii Dadonov          0  0  0   0  0   2  0  0  0  0  0/2    15:13   2:01   1:16 
James van Riemsdyk       1  0  1   0  2   1  0  0  0  0  0/1    11:09   0:00   0:00 
John Gilmour             0  0  0   0  0   1  2  1  0  0  0/0    15:27   0:00   1:18 
John Klingberg           0  2  2   1  0   1  4  0  0  0  0/0    24:48   2:24   4:07 
Josh Leivo               0  0  0  -1  0   1  0  0  0  0  0/1     6:21   0:00   0:00 
Matt Grzelcyk            0  0  0   0  0   0  1  1  0  0  0/0    14:09   0:00   0:00 
Nazem Kadri              1  2  3   3  5   3  6  0  0  0  12/19  15:29   2:13   0:02 
Patrice Bergeron         1  0  1   1  0   6  1  0  0  0  13/23  20:35   2:01   2:35 
Reilly Smith             0  0  0   0  0   4  0  0  0  0  0/2    18:12   2:13   0:00 
Sami Vatanen             0  1  1   2  2   1  0  1  0  0  0/0    20:11   1:50   2:58 
Shea Theodore            0  3  3   2  0   1  0  0  0  0  0/0    21:34   1:50   4:20 
Teddy Blueger            0  0  0  -1  0   2  0  1  0  0  11/17  11:59   0:00   5:19 
Tom Wilson               1  0  1   1  2   5  7  0  0  0  1/1    19:32   2:13   1:21 
Tyler Toffoli            2  1  3   3  0   6  0  0  0  0  0/1    16:21   2:01   0:00 
Victor Olofsson          0  1  1   3  0   1  0  0  0  0  0/0    14:20   0:00   0:00 

Players Stats for Rangers

Player Name              G  A  P  +/- PIM S  H  SB GA TA FO     MP     PP MP  PK MP  
------------------------------------------------------------------------------------
Alexander Radulov        0  0  0  -3  2   2  2  0  0  0  0/2    21:16   2:46   0:00 
Andrew Ladd              1  0  1   1  0   3  2  0  0  0  0/0    11:54   3:51   0:00 
Brandon Pirri            0  0  0  -2  0   0  0  0  0  0  5/8     7:51   0:00   0:00 
Cal Clutterbuck          0  0  0   1  0   0  1  0  0  0  0/0    10:23   0:52   1:28 
Cam Atkinson             0  0  0   0  0   4  0  0  0  0  0/1    17:08   3:25   0:00 
Connor McDavid           0  0  0  -3  0   2  0  0  0  0  10/23  20:59   2:46   0:00 
David Savard             1  0  1   1  0   2  3  1  0  0  0/0    16:47   0:52   1:52 
Devin Shore              0  0  0  -2  0   1  0  0  0  0  2/2    10:20   1:20   0:32 
Dmitry Kulikov           0  1  1   0  0   1  1  0  0  0  0/0    14:56   0:00   0:40 
Erik Cernak              0  0  0   0  5   1  0  0  0  0  0/0    13:15   1:19   0:08 
Matt Niskanen            0  0  0  -4  0   2  2  2  0  0  0/0    24:31   2:46   2:14 
Milan Lucic              0  0  0  -2  2   0  1  0  0  0  0/0     7:50   0:00   0:00 
Nick Bonino              0  1  1   1  0   2  0  0  0  0  10/18  11:25   0:52   2:30 
Nick Leddy               0  0  0  -4  0   0  2  3  0  0  0/0    24:31   2:46   2:14 
Noel Acciari             0  1  1   1  0   0  2  1  0  0  1/1    19:27   4:18   1:26 
Ryan McDonagh            0  0  0   1  2   2  1  0  0  0  0/0    21:12   4:18   1:20 
Vincent Trocheck         0  1  1   1  0   0  2  0  0  0  8/23   19:13   4:18   1:12 
Zach Hyman               0  0  0  -2  0   0  0  0  0  0  0/1    22:44   3:11   1:20 

3 Stars

1 - Tyler Toffoli (DAL)
2 - Nazem Kadri (DAL)
3 - Shea Theodore (DAL)

Power Play

Stars - 1 on 3 Attempt(s) - 33,33%
Rangers - 0 on 4 Attempt(s) - 0,00%

Penalty Kill

Stars - 4 on 4 Attempt(s) - 100,00% - Score 1 goal in Penalty Kill
Rangers - 2 on 3 Attempt(s) - 66,67% - Score 0 goal in Penalty Kill

Team Stat

Stars - Hits : 24 - Faceoff Wins : 43 - Blocked Shots : 5 - Penalty Minutes : 13
Rangers - Hits : 19 - Faceoff Wins : 36 - Blocked Shots : 7 - Penalty Minutes : 11

Official

Referees : Sean MacFarlane and Mike Campbell
Linesman : Luke Galvin and Brad Kovachik

Game Notes

Erik Cernak and Nazem Kadri fight to a draw at 5:24 of 2nd period

Finance

Level 1 -- Attendance: 2558 (39,35%) -- Ticket Income 639 500 $
Level 2 -- Attendance: 2271 (45,42%) -- Ticket Income 408 780 $
Level 3 -- Attendance: 1790 (51,14%) -- Ticket Income 214 800 $
Level 4 -- Attendance: 2006 (100,00%) -- Ticket Income 100 300 $
Luxury Box -- Attendance: 480 (48,00%) -- Ticket Income 192 000 $
Game was played at the Madison Square Garden.
Total Attendance: 9105 (50,57%)
Total Ticket Income: 1 555 380 $
Other Income: 762 136 $
Total Income: 2 317 516 $

% Time on Ice - Stars

Lines # - Real PCT - Wanted PCT - Time Play
Normal Forward
1 - 33% - 35% - 15:59
2 - 30% - 31% - 14:20
3 - 23% - 24% - 11:10
4 - 13% - 10% - 6:21
Normal Defense
1 - 36% - 40% - 17:02
2 - 32% - 30% - 15:24
3 - 30% - 20% - 14:09
4 - 3% - 10% - 1:15
PP Forward
1 - 52% - 60% - 2:13
2 - 48% - 40% - 2:01
PP Defense
1 - 57% - 60% - 2:24
2 - 43% - 40% - 1:50
PK Forward
1 - 81% - 60% - 6:24
2 - 19% - 40% - 1:32
PK Defense
1 - 49% - 60% - 3:54
2 - 51% - 40% - 4:02
PK3 Forward
1 - 0% - 60%
2 - 0% - 40%
PK3 Defense
1 - 0% - 60%
2 - 0% - 40%
44 Forward
1 - 0% - 60%
2 - 0% - 40%
44 Defense
1 - 0% - 60%
2 - 0% - 40%
Last Minute Offensive  - 0:00
Last Minute Defensive  - 0:00
Total
Forward - 60:00
Defense - 60:00

% Time on Ice - Rangers

Lines # - Real PCT - Wanted PCT - Time Play
Normal Forward
1 - 38% - 43% - 18:13
2 - 29% - 33% - 13:43
3 - 17% - 15% - 8:03
4 - 16% - 9% - 7:51
Normal Defense
1 - 41% - 44% - 19:31
2 - 29% - 33% - 14:03
3 - 30% - 23% - 14:16
4 - 0% - 0% - 0:00
PP Forward
1 - 46% - 53% - 3:38
2 - 54% - 47% - 4:18
PP Defense
1 - 35% - 53% - 2:46
2 - 65% - 47% - 5:10
PK Forward
1 - 65% - 55% - 2:46
2 - 35% - 45% - 1:28
PK Defense
1 - 56% - 55% - 2:22
2 - 44% - 45% - 1:52
PK3 Forward
1 - 0% - 55%
2 - 0% - 45%
PK3 Defense
1 - 0% - 55%
2 - 0% - 45%
44 Forward
1 - 0% - 55%
2 - 0% - 45%
44 Defense
1 - 0% - 55%
2 - 0% - 45%
Last Minute Offensive  - 0:00
Last Minute Defensive  - 0:00
Total
Forward - 60:00
Defense - 60:00

Play-by-Play

1st period


0:01 of 1st period - Patrice Bergeron wins face-off versus Connor McDavid in neutral zone.
0:09 of 1st period - Nick Leddy is hit by Tom Wilson and loses puck.
0:18 of 1st period - Shot by Matt Niskanen.
0:18 of 1st period - Stopped by Linus Ullmark without a rebound.
0:19 of 1st period - Nazem Kadri wins face-off versus Vincent Trocheck in Stars zone.
0:19 of 1st period - Nazem Kadri is hit by Noel Acciari.
0:31 of 1st period - Shot by Cam Atkinson.
0:31 of 1st period - Stopped by Linus Ullmark without a rebound.
0:32 of 1st period - Derick Brassard wins face-off versus Nick Bonino in Stars zone.
2:04 of 1st period - Shot by Victor Olofsson.
2:04 of 1st period - Stopped by Andrei Vasilevskiy without a rebound.
2:05 of 1st period - Vincent Trocheck wins face-off versus Reilly Smith in Rangers zone.
2:07 of 1st period - Icing by Ryan McDonagh.
2:08 of 1st period - Patrice Bergeron wins face-off versus Vincent Trocheck in Rangers zone.
2:11 of 1st period - Shot by Reilly Smith.
2:11 of 1st period - Shot Misses the Net.
2:14 of 1st period - Patrice Bergeron is hit by David Savard and loses puck.
2:25 of 1st period - Shot by Patrice Bergeron.
2:25 of 1st period - Shot Hit the Post.
2:48 of 1st period - Vincent Trocheck is hit by Tom Wilson and loses puck.
3:13 of 1st period - Shot by Nazem Kadri.
3:13 of 1st period - Goal by Nazem Kadri - Stars : 1 - Rangers : 0.
3:14 of 1st period - Connor McDavid wins face-off versus Teddy Blueger in neutral zone.
3:16 of 1st period - Alexander Radulov is hit by John Klingberg.
3:33 of 1st period - Off-side.
3:34 of 1st period - Brandon Pirri wins face-off versus Nazem Kadri in neutral zone.
3:37 of 1st period - Shot by Dmitry Kulikov.
3:37 of 1st period - Stopped by Linus Ullmark with a rebound.
3:59 of 1st period - Dmitry Kulikov is hit by Nazem Kadri.
4:24 of 1st period - Icing by Dmitry Kulikov.
4:25 of 1st period - Brandon Pirri wins face-off versus Patrice Bergeron in Rangers zone.
4:34 of 1st period - Icing by Duncan Keith.
4:35 of 1st period - Patrice Bergeron wins face-off versus Zach Hyman in Stars zone.
5:08 of 1st period - Shot by Connor McDavid.
5:08 of 1st period - Stopped by Linus Ullmark with a rebound.
5:28 of 1st period - Shot by Brandon Tanev.
5:28 of 1st period - Stopped by Andrei Vasilevskiy without a rebound.
5:29 of 1st period - Nazem Kadri wins face-off versus Vincent Trocheck in Rangers zone.
5:36 of 1st period - Shot by Cam Atkinson.
5:36 of 1st period - Stopped by Linus Ullmark without a rebound.
5:37 of 1st period - Vincent Trocheck wins face-off versus Josh Leivo in Stars zone.
6:05 of 1st period - Shot by Sami Vatanen.
6:05 of 1st period - Stopped by Andrei Vasilevskiy with a rebound.
6:44 of 1st period - Nazem Kadri is hit by David Savard and loses puck.
6:56 of 1st period - Minor Penalty to Alexander Radulov for Hooking.
6:57 of 1st period - Nazem Kadri wins face-off versus Nick Bonino in Rangers zone.
7:00 of 1st period - Shot by Tom Wilson.
7:00 of 1st period - Shot Misses the Net.
7:26 of 1st period - Nick Leddy is hit by Tom Wilson.
7:52 of 1st period - Shot by Patrice Bergeron.
7:52 of 1st period - Shot Misses the Net.
7:54 of 1st period - Shot by Evgenii Dadonov.
7:54 of 1st period - Shot Misses the Net.
7:58 of 1st period - Shot by Shea Theodore.
7:58 of 1st period - Shot Misses the Net.
8:00 of 1st period - Shot by Shea Theodore.
8:00 of 1st period - Stopped by Andrei Vasilevskiy without a rebound.
8:01 of 1st period - Nazem Kadri wins face-off versus Vincent Trocheck in Rangers zone.
8:10 of 1st period - Shot by Tom Wilson.
8:10 of 1st period - Stopped by Andrei Vasilevskiy without a rebound.
8:11 of 1st period - Nick Bonino wins face-off versus Patrice Bergeron in Rangers zone.
9:10 of 1st period - Off-side.
9:11 of 1st period - Devin Shore wins face-off versus Patrice Bergeron in neutral zone.
9:11 of 1st period - Brandon Pirri is hit by Tom Wilson and loses puck.
9:18 of 1st period - Shot by Devin Shore.
9:18 of 1st period - Stopped by Linus Ullmark without a rebound.
9:19 of 1st period - Teddy Blueger wins face-off versus Connor McDavid in Stars zone.
9:42 of 1st period - Shot by Teddy Blueger.
9:42 of 1st period - Shot Blocked by Matt Niskanen.
9:44 of 1st period - Shot by Teddy Blueger.
9:44 of 1st period - Stopped by Andrei Vasilevskiy without a rebound.
9:45 of 1st period - Nick Bonino wins face-off versus Patrice Bergeron in Rangers zone.
9:59 of 1st period - Shot by Patrice Bergeron.
9:59 of 1st period - Stopped by Andrei Vasilevskiy without a rebound.
10:00 of 1st period - Derick Brassard wins face-off versus Vincent Trocheck in Rangers zone.
10:33 of 1st period - Shot by Cam Atkinson.
10:33 of 1st period - Stopped by Linus Ullmark without a rebound.
10:34 of 1st period - Connor McDavid wins face-off versus Patrice Bergeron in Stars zone.
10:48 of 1st period - Tom Wilson is hit by Matt Niskanen and loses puck.
11:04 of 1st period - Patrice Bergeron is hit by Nick Leddy and loses puck.
11:29 of 1st period - Icing by Tyler Toffoli.
11:30 of 1st period - Nazem Kadri wins face-off versus Nick Bonino in Stars zone.
11:44 of 1st period - Minor Penalty to Ryan McDonagh for High sticking.
11:45 of 1st period - Patrice Bergeron wins face-off versus Nick Bonino in Rangers zone.
11:46 of 1st period - Shot by Sami Vatanen.
11:46 of 1st period - Shot Blocked by Noel Acciari.
11:50 of 1st period - Shot by Patrice Bergeron.
11:50 of 1st period - Shot Blocked by David Savard.
12:00 of 1st period - Shot by Shea Theodore.
12:00 of 1st period - Deflect By Patrice Bergeron.
12:00 of 1st period - Goal by Patrice Bergeron - Stars : 2 - Rangers : 0.
12:01 of 1st period - Teddy Blueger wins face-off versus Brandon Pirri in neutral zone.
12:12 of 1st period - Shot by Teddy Blueger.
12:12 of 1st period - Stopped by Andrei Vasilevskiy with a rebound.
13:10 of 1st period - Shot by Alexander Radulov.
13:10 of 1st period - Stopped by Linus Ullmark without a rebound.
13:11 of 1st period - Vincent Trocheck wins face-off versus Derick Brassard in Stars zone.
13:18 of 1st period - Shot by Cam Atkinson.
13:18 of 1st period - Shot Misses the Net.
13:20 of 1st period - Shot by Noel Acciari.
13:20 of 1st period - Deflect By Vincent Trocheck.
13:20 of 1st period - Shot Misses the Net.
13:22 of 1st period - Shot by David Savard.
13:22 of 1st period - Goal by David Savard - Stars : 2 - Rangers : 1.
13:23 of 1st period - Patrice Bergeron wins face-off versus Connor McDavid in neutral zone.
13:26 of 1st period - Nick Leddy is hit by Tom Wilson and loses puck.
13:37 of 1st period - Shot by Tom Wilson.
13:37 of 1st period - Stopped by Andrei Vasilevskiy with a rebound.
13:39 of 1st period - Shot by Tom Wilson.
13:39 of 1st period - Stopped by Andrei Vasilevskiy with a rebound.
13:46 of 1st period - Icing by Nick Leddy.
13:47 of 1st period - Connor McDavid wins face-off versus James van Riemsdyk in Rangers zone.
13:47 of 1st period - Connor McDavid is hit by Derick Brassard.
13:54 of 1st period - Minor Penalty to James van Riemsdyk for High sticking.
13:55 of 1st period - Teddy Blueger wins face-off versus Vincent Trocheck in Stars zone.
14:25 of 1st period - Shot by Vincent Trocheck.
14:25 of 1st period - Shot Blocked by Teddy Blueger.
15:31 of 1st period - Teddy Blueger is hit by Alexander Radulov and loses puck.
16:21 of 1st period - Shot by Tyler Toffoli.
16:21 of 1st period - Goal by Tyler Toffoli - Stars : 3 - Rangers : 1.
16:22 of 1st period - Nick Bonino wins face-off versus Derick Brassard in neutral zone.
17:26 of 1st period - Shot by Patrice Bergeron.
17:26 of 1st period - Shot Misses the Net.
17:38 of 1st period - Shot by Reilly Smith.
17:38 of 1st period - Stopped by Andrei Vasilevskiy without a rebound.
17:39 of 1st period - Nazem Kadri wins face-off versus Vincent Trocheck in Rangers zone.
17:42 of 1st period - Shot by Tyler Toffoli.
17:42 of 1st period - Stopped by Andrei Vasilevskiy without a rebound.
17:43 of 1st period - Nazem Kadri wins face-off versus Vincent Trocheck in Rangers zone.
17:54 of 1st period - Shot by Vincent Trocheck.
17:54 of 1st period - Shot Misses the Net.
18:21 of 1st period - Shot by Tyler Toffoli.
18:21 of 1st period - Stopped by Andrei Vasilevskiy with a rebound.
19:23 of 1st period - Shot by Connor McDavid.
19:23 of 1st period - Stopped by Linus Ullmark without a rebound.
19:24 of 1st period - Patrice Bergeron wins face-off versus Connor McDavid in Stars zone.
19:32 of 1st period - Icing by Ryan McDonagh.
19:33 of 1st period - Derick Brassard wins face-off versus Connor McDavid in Rangers zone.
Goals for this period are 3 for Stars vs 1 for Rangers.
Shots for this period are 16 for Stars vs 10 for Rangers.

2nd period


0:01 of 2nd period - Patrice Bergeron wins face-off versus Connor McDavid in neutral zone.
0:27 of 2nd period - Shot by Patrice Bergeron.
0:27 of 2nd period - Shot Blocked by Nick Leddy.
0:29 of 2nd period - Shot by Duncan Keith.
0:29 of 2nd period - Shot Misses the Net.
0:31 of 2nd period - Shot by Reilly Smith.
0:31 of 2nd period - Stopped by Andrei Vasilevskiy without a rebound.
0:32 of 2nd period - Derick Brassard wins face-off versus Cam Atkinson in Rangers zone.
1:30 of 2nd period - Off-side.
1:31 of 2nd period - Patrice Bergeron wins face-off versus Alexander Radulov in neutral zone.
1:49 of 2nd period - Shot by Tom Wilson.
1:49 of 2nd period - Stopped by Andrei Vasilevskiy without a rebound.
1:50 of 2nd period - Nick Bonino wins face-off versus Nazem Kadri in Rangers zone.
1:50 of 2nd period - Nick Bonino is hit by Nazem Kadri.
1:55 of 2nd period - Matt Niskanen is hit by Matt Grzelcyk and loses puck.
2:17 of 2nd period - Nick Bonino is hit by John Gilmour and loses puck.
2:22 of 2nd period - Shot by Andrew Ladd.
2:22 of 2nd period - Stopped by Linus Ullmark without a rebound.
2:23 of 2nd period - Patrice Bergeron wins face-off versus Connor McDavid in Stars zone.
2:27 of 2nd period - Icing by Reilly Smith.
2:28 of 2nd period - Connor McDavid wins face-off versus Reilly Smith in Stars zone.
3:00 of 2nd period - Shot by Reilly Smith.
3:00 of 2nd period - Stopped by Andrei Vasilevskiy without a rebound.
3:01 of 2nd period - Vincent Trocheck wins face-off versus Evgenii Dadonov in Rangers zone.
3:12 of 2nd period - Shot by Vincent Trocheck.
3:12 of 2nd period - Shot Misses the Net.
4:36 of 2nd period - Connor McDavid is hit by John Klingberg and loses puck.
4:41 of 2nd period - Shot by Alexander Radulov.
4:41 of 2nd period - Stopped by Linus Ullmark with a rebound.
4:52 of 2nd period - Connor McDavid is hit by John Klingberg and loses puck.
5:07 of 2nd period - Shot by Nick Bonino.
5:07 of 2nd period - Stopped by Linus Ullmark without a rebound.
5:08 of 2nd period - Nick Bonino wins face-off versus Nazem Kadri in Stars zone.
5:24 of 2nd period - Erik Cernak and Nazem Kadri fight to a draw.
5:24 of 2nd period - Penalty to Erik Cernak for Fighting.
5:24 of 2nd period - Penalty to Nazem Kadri for Fighting.
5:25 of 2nd period - Teddy Blueger wins face-off versus Brandon Pirri in neutral zone.
5:50 of 2nd period - Shot by Josh Leivo.
5:50 of 2nd period - Stopped by Andrei Vasilevskiy without a rebound.
5:51 of 2nd period - Connor McDavid wins face-off versus Evgenii Dadonov in Rangers zone.
7:19 of 2nd period - Shot by John Klingberg.
7:19 of 2nd period - Shot Blocked by Matt Niskanen.
7:42 of 2nd period - Icing by Ryan McDonagh.
7:43 of 2nd period - Vincent Trocheck wins face-off versus Derick Brassard in Rangers zone.
7:56 of 2nd period - Shea Theodore is hit by Vincent Trocheck and loses puck.
8:48 of 2nd period - Shot by Nick Bonino.
8:48 of 2nd period - Stopped by Linus Ullmark without a rebound.
8:49 of 2nd period - Nick Bonino wins face-off versus Patrice Bergeron in Stars zone.
9:23 of 2nd period - Cal Clutterbuck is hit by Tom Wilson and loses puck.
9:49 of 2nd period - Shot by David Savard.
9:49 of 2nd period - Stopped by Linus Ullmark with a rebound.
9:51 of 2nd period - Shot by Brandon Pirri.
9:51 of 2nd period - Shot Blocked by Duncan Keith.
9:53 of 2nd period - Shot by Ryan McDonagh.
9:53 of 2nd period - Stopped by Linus Ullmark without a rebound.
9:54 of 2nd period - Teddy Blueger wins face-off versus Vincent Trocheck in Stars zone.
10:12 of 2nd period - Shot by Tyler Toffoli.
10:12 of 2nd period - Stopped by Andrei Vasilevskiy without a rebound.
10:13 of 2nd period - Teddy Blueger wins face-off versus Brandon Pirri in Rangers zone.
10:36 of 2nd period - Sami Vatanen is hit by Milan Lucic and loses puck.
11:18 of 2nd period - Shot by Tyler Toffoli.
11:18 of 2nd period - Stopped by Andrei Vasilevskiy without a rebound.
11:19 of 2nd period - Connor McDavid wins face-off versus Derick Brassard in Rangers zone.
11:27 of 2nd period - Evgenii Dadonov is hit by Nick Leddy and loses puck.
12:14 of 2nd period - Shot by Reilly Smith.
12:14 of 2nd period - Shot Blocked by Nick Leddy.
12:32 of 2nd period - Shot by Patrice Bergeron.
12:32 of 2nd period - Shot Misses the Net.
12:40 of 2nd period - Shot by Tom Wilson.
12:40 of 2nd period - Shot Misses the Net.
12:42 of 2nd period - Shot by Reilly Smith.
12:42 of 2nd period - Shot Misses the Net.
13:17 of 2nd period - Shot by Nazem Kadri.
13:17 of 2nd period - Stopped by Andrei Vasilevskiy without a rebound.
13:18 of 2nd period - Vincent Trocheck wins face-off versus Teddy Blueger in Rangers zone.
13:57 of 2nd period - Shot by Josh Leivo.
13:57 of 2nd period - Shot Misses the Net.
14:41 of 2nd period - Shot by Derick Brassard.
14:41 of 2nd period - Stopped by Andrei Vasilevskiy without a rebound.
14:42 of 2nd period - Nick Bonino wins face-off versus Patrice Bergeron in Rangers zone.
15:11 of 2nd period - Shot by Patrice Bergeron.
15:11 of 2nd period - Stopped by Andrei Vasilevskiy without a rebound.
15:12 of 2nd period - Brandon Pirri wins face-off versus Tyler Toffoli in Rangers zone.
15:12 of 2nd period - Brandon Pirri is hit by Nazem Kadri.
15:15 of 2nd period - Erik Cernak is hit by Nazem Kadri and loses puck.
15:43 of 2nd period - Erik Cernak is hit by Nazem Kadri and loses puck.
16:07 of 2nd period - Icing by Nick Leddy.
16:08 of 2nd period - Tom Wilson wins face-off versus Nick Bonino in Rangers zone.
16:17 of 2nd period - Tom Wilson is hit by Cal Clutterbuck and loses puck.
16:38 of 2nd period - Shot by Sami Vatanen.
16:38 of 2nd period - Shot Misses the Net.
16:43 of 2nd period - Minor Penalty to Sami Vatanen for Hooking.
16:44 of 2nd period - Teddy Blueger wins face-off versus Vincent Trocheck in Stars zone.
17:49 of 2nd period - Shot by Tom Wilson.
17:49 of 2nd period - Goal by Tom Wilson - Stars : 4 - Rangers : 1.
17:50 of 2nd period - Patrice Bergeron wins face-off versus Vincent Trocheck in neutral zone.
18:01 of 2nd period - Shot by Erik Cernak.
18:01 of 2nd period - Stopped by Linus Ullmark without a rebound.
18:02 of 2nd period - Brandon Tanev wins face-off versus Connor McDavid in Stars zone.
18:08 of 2nd period - Icing by Matt Niskanen.
18:09 of 2nd period - Connor McDavid wins face-off versus Teddy Blueger in Rangers zone.
18:16 of 2nd period - Shot by Matt Niskanen.
18:16 of 2nd period - Stopped by Linus Ullmark without a rebound.
18:17 of 2nd period - Teddy Blueger wins face-off versus Vincent Trocheck in Stars zone.
18:42 of 2nd period - Shot by Andrew Ladd.
18:42 of 2nd period - Stopped by Linus Ullmark without a rebound.
18:43 of 2nd period - Brandon Pirri wins face-off versus Nazem Kadri in Stars zone.
19:05 of 2nd period - Shot by Victor Olofsson.
19:05 of 2nd period - Shot Misses the Net.
19:53 of 2nd period - Shot by Patrice Bergeron.
19:53 of 2nd period - Stopped by Andrei Vasilevskiy without a rebound.
19:54 of 2nd period - Connor McDavid wins face-off versus Derick Brassard in Rangers zone.
Goals for this period are 1 for Stars vs 0 for Rangers.
Shots for this period are 11 for Stars vs 9 for Rangers.

3rd period


0:01 of 3rd period - Patrice Bergeron wins face-off versus Connor McDavid in neutral zone.
0:19 of 3rd period - Icing by Connor McDavid.
0:20 of 3rd period - Nazem Kadri wins face-off versus Alexander Radulov in Rangers zone.
0:25 of 3rd period - Shot by Tyler Toffoli.
0:25 of 3rd period - Goal by Tyler Toffoli - Stars : 5 - Rangers : 1.
0:26 of 3rd period - Vincent Trocheck wins face-off versus Nazem Kadri in neutral zone.
0:47 of 3rd period - Shot by Nazem Kadri.
0:47 of 3rd period - Shot Misses the Net.
0:49 of 3rd period - Shot by John Klingberg.
0:49 of 3rd period - Stopped by Andrei Vasilevskiy without a rebound.
0:50 of 3rd period - Connor McDavid wins face-off versus Patrice Bergeron in Rangers zone.
1:11 of 3rd period - Shot by Patrice Bergeron.
1:11 of 3rd period - Stopped by Andrei Vasilevskiy without a rebound.
1:12 of 3rd period - Nazem Kadri wins face-off versus Vincent Trocheck in Rangers zone.
1:12 of 3rd period - John Klingberg is hit by David Savard and loses puck.
1:52 of 3rd period - Minor Penalty to Duncan Keith for Tripping.
1:53 of 3rd period - Teddy Blueger wins face-off versus Connor McDavid in Stars zone.
2:04 of 3rd period - Sami Vatanen is hit by Alexander Radulov and loses puck.
2:13 of 3rd period - Cam Atkinson is hit by Brandon Tanev and loses puck.
2:22 of 3rd period - Shot by Matt Niskanen.
2:22 of 3rd period - Shot Blocked by Sami Vatanen.
2:39 of 3rd period - Icing by Matt Niskanen.
2:40 of 3rd period - Teddy Blueger wins face-off versus Connor McDavid in Rangers zone.
3:04 of 3rd period - Vincent Trocheck is hit by John Gilmour and loses puck.
3:33 of 3rd period - Shea Theodore is hit by Vincent Trocheck and loses puck.
4:25 of 3rd period - Minor Penalty to Milan Lucic for Holding.
4:26 of 3rd period - Nazem Kadri wins face-off versus Nick Bonino in Rangers zone.
4:31 of 3rd period - Shot by Nazem Kadri.
4:31 of 3rd period - Stopped by Andrei Vasilevskiy with a rebound.
4:50 of 3rd period - Shot by Nazem Kadri.
4:50 of 3rd period - Deflect By Reilly Smith.
4:50 of 3rd period - Shot Misses the Net.
5:22 of 3rd period - Shot by Patrice Bergeron.
5:22 of 3rd period - Shot Misses the Net.
5:44 of 3rd period - Shot by Sami Vatanen.
5:44 of 3rd period - Shot Misses the Net.
6:12 of 3rd period - Shot by Duncan Keith.
6:12 of 3rd period - Stopped by Andrei Vasilevskiy with a rebound.
6:38 of 3rd period - Shot by Josh Leivo.
6:38 of 3rd period - Shot Misses the Net.
6:40 of 3rd period - Shot by Teddy Blueger.
6:40 of 3rd period - Shot Misses the Net.
6:42 of 3rd period - Shot by John Gilmour.
6:42 of 3rd period - Stopped by Andrei Vasilevskiy without a rebound.
6:43 of 3rd period - Brandon Pirri wins face-off versus Derick Brassard in Rangers zone.
6:50 of 3rd period - Shot by Evgenii Dadonov.
6:50 of 3rd period - Shot Misses the Net.
6:59 of 3rd period - Derick Brassard is hit by Dmitry Kulikov and loses puck.
7:06 of 3rd period - Shot by Evgenii Dadonov.
7:06 of 3rd period - Shot Misses the Net.
7:10 of 3rd period - Shot by Evgenii Dadonov.
7:10 of 3rd period - Stopped by Andrei Vasilevskiy without a rebound.
7:11 of 3rd period - Vincent Trocheck wins face-off versus Teddy Blueger in Rangers zone.
7:40 of 3rd period - Shot by Shea Theodore.
7:40 of 3rd period - Shot Misses the Net.
8:12 of 3rd period - Icing by Zach Hyman.
8:13 of 3rd period - Connor McDavid wins face-off versus Patrice Bergeron in Rangers zone.
8:13 of 3rd period - Connor McDavid is hit by Tom Wilson.
8:32 of 3rd period - Patrice Bergeron is hit by Matt Niskanen and loses puck.
8:51 of 3rd period - Shot by Reilly Smith.
8:51 of 3rd period - Shot Misses the Net.
8:53 of 3rd period - Shot by Reilly Smith.
8:53 of 3rd period - Stopped by Andrei Vasilevskiy without a rebound.
8:54 of 3rd period - Nick Bonino wins face-off versus Nazem Kadri in Rangers zone.
9:18 of 3rd period - Shot by Tyler Toffoli.
9:18 of 3rd period - Shot Hit the Post.
9:24 of 3rd period - Victor Olofsson is hit by Andrew Ladd.
10:12 of 3rd period - Shot by Derick Brassard.
10:12 of 3rd period - Deflect By Evgenii Dadonov.
10:12 of 3rd period - Shot Misses the Net.
10:21 of 3rd period - Icing by Sami Vatanen.
10:22 of 3rd period - Derick Brassard wins face-off versus Connor McDavid in Stars zone.
11:20 of 3rd period - Shot by Cam Atkinson.
11:20 of 3rd period - Stopped by Linus Ullmark without a rebound.
11:21 of 3rd period - Nazem Kadri wins face-off versus Vincent Trocheck in Stars zone.
11:21 of 3rd period - Nazem Kadri is hit by Noel Acciari.
11:36 of 3rd period - Shot by Cam Atkinson.
11:36 of 3rd period - Shot Blocked by Matt Grzelcyk.
11:38 of 3rd period - Shot by Ryan McDonagh.
11:38 of 3rd period - Stopped by Linus Ullmark without a rebound.
11:39 of 3rd period - Nick Bonino wins face-off versus Teddy Blueger in Stars zone.
11:39 of 3rd period - Nick Bonino is hit by John Klingberg.
11:55 of 3rd period - Shot by Nick Bonino.
11:55 of 3rd period - Shot Misses the Net.
11:57 of 3rd period - Shot by Andrew Ladd.
11:57 of 3rd period - Goal by Andrew Ladd - Stars : 5 - Rangers : 2.
11:58 of 3rd period - Patrice Bergeron wins face-off versus Vincent Trocheck in neutral zone.
12:21 of 3rd period - Shot by Patrice Bergeron.
12:21 of 3rd period - Stopped by Andrei Vasilevskiy without a rebound.
12:22 of 3rd period - Nazem Kadri wins face-off versus Connor McDavid in Rangers zone.
13:03 of 3rd period - Shot by Nazem Kadri.
13:03 of 3rd period - Shot Blocked by Nick Leddy.
13:39 of 3rd period - Shot by Patrice Bergeron.
13:39 of 3rd period - Shot Misses the Net.
13:56 of 3rd period - Minor Penalty to Tom Wilson for Hooking.
13:57 of 3rd period - Devin Shore wins face-off versus Teddy Blueger in Stars zone.
13:57 of 3rd period - Noel Acciari is hit by Duncan Keith and loses puck.
14:11 of 3rd period - Teddy Blueger is hit by Ryan McDonagh and loses puck.
14:15 of 3rd period - Teddy Blueger is hit by Andrew Ladd and loses puck.
14:54 of 3rd period - Cam Atkinson is hit by Patrice Bergeron and loses puck.
15:16 of 3rd period - Icing by Nick Bonino.
15:17 of 3rd period - Teddy Blueger wins face-off versus Nick Bonino in Rangers zone.
16:07 of 3rd period - Shot by Milan Lucic.
16:07 of 3rd period - Shot Blocked by John Gilmour.
17:04 of 3rd period - Shot by James van Riemsdyk.
17:04 of 3rd period - Goal by James van Riemsdyk - Stars : 6 - Rangers : 2.
17:05 of 3rd period - Noel Acciari wins face-off versus Patrice Bergeron in neutral zone.
17:15 of 3rd period - Icing by John Klingberg.
17:16 of 3rd period - Patrice Bergeron wins face-off versus Nick Bonino in Stars zone.
17:48 of 3rd period - Icing by Cal Clutterbuck.
17:49 of 3rd period - Nick Bonino wins face-off versus Nazem Kadri in Rangers zone.
17:49 of 3rd period - Nick Bonino is hit by Nazem Kadri.
19:01 of 3rd period - Shot by Evgenii Dadonov.
19:01 of 3rd period - Stopped by Andrei Vasilevskiy with a rebound.
19:03 of 3rd period - Shot by Evgenii Dadonov.
19:03 of 3rd period - Deflect By James van Riemsdyk.
19:03 of 3rd period - Shot Misses the Net.
19:05 of 3rd period - Shot by Matt Grzelcyk.
19:05 of 3rd period - Shot Hit the Post.
19:31 of 3rd period - Shot by Reilly Smith.
19:31 of 3rd period - Shot Misses the Net.
19:39 of 3rd period - Shot by Tom Wilson.
19:39 of 3rd period - Deflect By Patrice Bergeron.
19:39 of 3rd period - Shot Misses the Net.
19:54 of 3rd period - Shot by Tom Wilson.
19:54 of 3rd period - Shot Misses the Net.
19:59 of 3rd period - Icing by Erik Cernak.
Goals for this period are 2 for Stars vs 1 for Rangers.
Shots for this period are 11 for Stars vs 3 for Rangers.